 Dungeon Crawl Stone Soup version 0.30-a0-691-g754fce4c43 (webtiles) character file.

Game seed: 14533638332751158769

54 BigDaddyOpFi the Sneak (level 3, -1/14 HPs)
             Began as a Felid Earth Elementalist on Jan 19, 2023.
             Slain by an iguana (6 damage)
             ... on level 4 of the Dungeon.
             The game lasted 00:03:25 (3354 turns).

BigDaddyOpFi the Sneak (Felid Earth Elementalist)   Turns: 3354, Time: 00:03:25

Health: -1/14      AC:  1    Str:  6    XL:     3   Next: 66%
Magic:  5/8        EV: 18    Int: 16    God:
Gold:   170        SH:  0    Dex: 16    Spells: 6/7 levels left
                                        Lives:  0   Deaths: 1

rFire   . . .      SeeInvis +    (weapon unavailable)
rCold   . . .      Faith    .    (shield unavailable)
rNeg    . . .      Spirit   .    (body armour unavailable)
rPois   .          Reflect  .    (helmet unavailable)
rElec   .          Harm     .    (cloak unavailable)
rCorr   .          Rampage  .    (gloves unavailable)
Will    .....                    (boots unavailable)
Stlth   +++                      (no amulet)
HPRegen 0.22/turn                (no ring)
MPRegen 0.11/turn                (no ring)

@: quick
A: very small, claws 1, fangs 3, see invisible, speed 1, shaggy fur 1, stealthy
paws, no weapons or thrown items, no armour, multi-lived
a: no special abilities


You were on level 4 of the Dungeon.
You visited 1 branch of the dungeon, and saw 4 of its levels.

You collected 170 gold pieces.

Inventory:

Jewellery
 g - a +4 ring of protection
 h - an amulet of faith
Wands
 a - a wand of iceblast (8)
 b - a wand of polymorph (4)
Scrolls
 c - 3 scrolls of magic mapping {unknown}
 d - a scroll of vulnerability {unknown}
 e - a scroll of noise {unknown}
 f - a scroll of blinking {unknown}
 i - 2 scrolls of identify {unknown}
 j - 2 scrolls of silence {unknown}
Potions
 l - a potion of magic
 m - a potion of curing {unknown}


   Skills:
 + Level 3.7 Dodging
 + Level 3.9 Stealth
 + Level 2.7 Spellcasting
 + Level 1.3 Conjurations
 - Level 1.3 Transmutations
 + Level 3.2 Earth Magic


You had 6 spell levels left.
You knew the following spells:

 Your Spells              Type           Power      Damage    Failure   Level
a - Sandblast             Erth           24%        2d8       4%          1

Your spell library contained the following spells:

 Spells                   Type           Power      Damage    Failure   Level
 Passwall                 Tmut/Erth      7%         N/A       12%         2
 Stone Arrow              Conj/Erth      18%        3d8       22%         3
 Petrify                  Tmut/Erth      9%         N/A       58%         4


Dungeon Overview and Level Annotations

Branches:
Dungeon (4/15)
 Temple: D:4-7

Altars:
Sif Muna


Innate Abilities, Weirdness & Mutations

You have sharp claws.
You have razor-sharp teeth.
You have supernaturally acute eyesight. (SInv)
You cover ground quickly. (Speed+)
You are covered in fur. (AC +1)
Your paws help you pounce on unaware monsters.
You are incapable of wielding weapons or throwing items.
You cannot wear armour.
You gain extra lives every three experience levels.


Message History

You are too injured to fight recklessly!
It was a potion of attraction.
You feel attractive to monsters. The gnoll barely misses you.
The gnoll is attracted toward you.
You are too injured to fight recklessly!
Casting: Sandblast (safe; 4% risk of failure)
Confirm with . or Enter, or press ? or * to list all spells.
Aiming: Sandblast (safe; 4% risk of failure)
Press: ? - help, Shift-Dir - straight line, f/p - gnoll
Aim: a gnoll, wielding a +0 spear (heavily wounded, 84% to hit)
The blast of sand hits the gnoll but does no damage.
The gnoll is heavily wounded.
The gnoll hits you with a +0 spear.
You die...
You are now level 3!
You rejoin the land of the living...
Found a quarterstaff.
Found a stone staircase leading down.
A kobold comes into view. It is wielding a +0 short sword.
A kobold is nearby!
You can't see any susceptible monsters within range! (Use Z to cast anyway.)
The blast of sand hits the kobold!
You kill the kobold!
There is a stone staircase leading down here.
Things that are here:
a +0 short sword; a kobold corpse An iguana comes into view.
Found 5 stones.
An iguana is nearby!
The blast of sand hits the iguana.
The iguana is lightly wounded.
The iguana hisses angrily.
The blast of sand hits the iguana.
The iguana is moderately wounded.
The blast of sand hits the iguana but does no damage.
The iguana is moderately wounded.
The iguana bites you!
Ouch! That really hurt!
The iguana bites you.
You die...

#######
#@l...#
#.###(#
#.#
P♣.#####)#
♣.......>#
########.#
#.# #.#
#.#


You could see an iguana.

Vanquished Creatures
  Terence (D:2)
  Jessica (D:2)
  A gnoll (D:4)
  A worm (D:3)
  A dart slug (D:3)
  An orc (D:3)
  4 ball pythons
  5 bats
  4 endoplasms (D:3)
  A giant cockroach (D:3)
  3 goblins
  7 hobgoblins
  5 kobolds
  3 quokkas
  2 frilled lizards
  2 rats (D:1)
42 creatures vanquished.

Vanquished Creatures (others)
  2 plants (D:4)
2 creatures vanquished.

Grand Total: 44 creatures vanquished

Notes
Turn   | Place    | Note
-------+----------+-------------------------------------------
     0 | D:1      | BigDaddyOpFi the Felid Earth Elementalist began the quest
                  | for the Orb.
     0 | D:1      | Reached XP level 1. HP: 7/7 MP: 4/4
   248 | D:1      | Reached XP level 2. HP: 11/11 MP: 3/6
  1308 | D:2      | Noticed Jessica
  1313 | D:2      | Killed Jessica
  1314 | D:2      | Reached XP level 3. HP: 14/14 MP: 4/7
  1581 | D:2      | Found a shimmering blue altar of Sif Muna.
  1774 | D:2      | Noticed Terence
  1853 | D:2      | HP: 1/21 [Terence/+0 flail (6)]
  1855 | D:2      | Killed Terence
  1856 | D:2      | Reached skill level 1 in Conjurations
  1856 | D:2      | Reached XP level 4. HP: 3/18 MP: 2/8
  2257 | D:2      | Identified the +5 chain mail "Kiethrov" {+Blink rN++ Str+2
                  | Int+6}
  3331 | D:4      | Slain by a gnoll
  3332 | D:4      | Reached XP level 3. HP: -3/14 MP: 5/8
  3354 | D:4      | Slain by an iguana

Illustrated notes

Levels and vault maps discovered:
D:1:      sevenhm_arrival_forest_fort_small_3, layout_basic
D:2:      layout_basic, basic_altar, uniq_jessica, uniq_terence
D:3:      layout_basic
D:4:      wad_woods_tower, layout_basic, gammafunk_ghost_smash,
          amcnicky_mini_pool_small, minmay_pentomino_pile, uniq_pikel

Skill      XL: |  1  2  3 |
---------------+----------+-----
Stealth        | 3 |  3.9
Dodging        | 3 |  3.7
Earth Magic    | 3 |  3.2
Conjurations   | 1 |  1.3
Spellcasting   | |  2.7
Transmutations | |  1.3

Action                   |  1- 3 |  4- 6 || total
-------------------------+-------+-------++-------
Melee: Unarmed           |     9 |       ||     9
 Cast: Sandblast         |    45 |    47 ||    92
  Use: Potion            |     1 |     2 ||     3
Armor: Skin              |     2 |     1 ||     3
Dodge: Dodged            |    15 |    22 ||    37

Table legend: (Time is in decaauts)
 A = Elapsed time spent in this place.
 B = Non-inter-level travel time spent in this place.
 C = Inter-level travel time spent in this place.
 D = Time resting spent in this place.
 E = Time spent auto-exploring this place.
 F = Levels seen in this place.
 G = Mean time per level.
                   A        B        C        D        E       F      G
               +--------+--------+--------+--------+--------+-----+--------+
         Total |   2935 |   2833 |    102 |    318 |   2191 |   4 |  733.8 |
       Dungeon |   2935 |   2833 |    102 |    318 |   2191 |   4 |  733.8 |
               +--------+--------+--------+--------+--------+-----+--------+

Top non-repeatable levels by time:
     D:2: 1053 daAuts
     D:1: 896 daAuts
     D:3: 854 daAuts
     D:4: 132 daAuts
